 Seeded DCSS version 0.29-a0-378-gc08b2e8bf8 (webtiles) character file.

Game seed: 11209228527372561431 (custom seed)

11501 zeratav the Markstengu (level 11, -11/68 HPs)
             Began as a Tengu Hunter on May 4, 2022.
             Was a Believer of Dithmenos.
             Mangled by a boulder beetle (53 damage)
             ... on level 9 of the Dungeon.
             The game lasted 00:14:57 (8816 turns).

zeratav the Markstengu (Tengu Hunter)               Turns: 8816, Time: 00:14:57

Health: -11/68     AC:  9    Str: 11    XL:     11   Next: 78%
Magic:  12/12      EV: 22    Int:  9    God:    Dithmenos [**....]
Gold:   451        SH:  0    Dex: 26    Spells: 10/10 levels left

rFire   . . .      SeeInvis .   g - +9 longbow of Agony {vorpal, rN++, bow}
rCold   . . .      Faith    .   (shield currently unavailable)
rNeg    + + +      Spirit   .   F - +3 leather armour
rPois   .          Reflect  .   v - +0 hat
rElec   .          Harm     .   f - +2 cloak of Stoicism {Contam rN+ Will+ Dex+3}
rCorr   .          Rampage  .   (no gloves)
Will    ++...                   (boots unavailable)
Stlth   +++.......              (no amulet)
HPRegen 0.21/turn               p - ring of willpower
MPRegen 0.13/turn               (no ring)

@: flying quickly and evasively, wreathed by umbra, quick
A: beak, talons 3, nimble flight
a: Renounce Religion, Shadow Step


You were on level 9 of the Dungeon.
You worshipped Dithmenos.
Dithmenos was pleased with you.
You visited 2 branches of the dungeon, and saw 10 of its levels.

You collected 451 gold pieces.


Innate Abilities, Weirdness & Mutations

You have a beak for a mouth.
You have claws for feet.
Your magical nature lets you fly swiftly and evasively.


   Skills:
 - Level 8.0 Fighting
 + Level 16.8 Bows
 - Level 8.0 Dodging
 - Level 1.0 Stealth


You had 10 spell levels left.
You didn't know any spells.
Your spell library contained the following spells:

 Spells                   Type           Power      Damage    Failure   Level
 Beastly Appendage        Tmut           0%         N/A       47%         1
 Magic Dart               Conj           0%         1d3       47%         1
 Slow                     Hex            0%         N/A       47%         1
 Sting                    Tmut/Pois      0%         1d3       47%         1
 Blink                    Tloc           0%         N/A       63%         2
 Poisonous Vapours        Pois/Air       0%         N/A       63%         2
 Scorch                   Fire           0%         2d5       63%         2
 Searing Ray              Conj           0%         2d4       63%         2
 Wereblood                Tmut           0%         N/A       63%         2
 Confusing Touch          Hex            0%         N/A       85%         3
 Gell's Gravitas          Tloc           0%         N/A       85%         3
 Inner Flame              Hex/Fire       0%         N/A       85%         3
 Lesser Beckoning         Tloc           0%         N/A       85%         3
 Spider Form              Tmut/Pois      0%         N/A       85%         3
 Summon Guardian Golem    Hex/Summ       0%         N/A       85%         3
 Teleport Other           Tloc           0%         N/A       85%         3
 Vampiric Draining        Necr           0%         2d6       85%         3
 Airstrike                Air            0%         N/A       99%         4
 Cause Fear               Hex            0%         N/A       99%         4
 Fulminant Prism          Conj/Hex       0%         3d6       99%         4
 Olgreb's Toxic Radiance  Pois           0%         N/A       99%         4
 Summon Lightning Spire   Summ/Air       0%         N/A       99%         4
 Fireball                 Conj/Fire      0%         3d3       100%        5
 Lightning Bolt           Conj/Air       0%         1d11      100%        5
 Manifold Assault         Tloc           0%         N/A       100%        5
 Dragon Form              Tmut           0%         N/A       100%        7
 Orb of Destruction       Conj           0%         9d5       100%        7
 Spellforged Servitor     Conj/Summ      0%         N/A       100%        7
 Discord                  Hex            0%         N/A       100%        8
 Dragon's Call            Summ           0%         N/A       100%        9

Inventory:

Hand Weapons
 a - a +1 shortbow of electrocution {bow}
 g - the +9 longbow of Agony (weapon) {vorpal, rN++, bow}
   (You acquired it on level 4 of the Dungeon)

   Any ammunition fired from it inflicts extra damage upon your enemies.
   rN:        It greatly protects you from negative energy.
Armour
 d - a +2 plate armour of poison resistance
   (You took it off an orc warrior on level 9 of the Dungeon)
 f - the +2 cloak of Stoicism (worn) {Contam rN+ Will+ Dex+3}
   (You found it on level 2 of the Dungeon)

   Dex:       It affects your dexterity (+3).
   rN:        It protects you from negative energy.
   Contam:    It causes magical contamination when unequipped.
   Will:      It increases your willpower.
 l - a +1 robe of fire resistance
   (You took it off Jessica on level 3 of the Dungeon)
 v - a +0 hat (worn)
   (You found it on level 5 of the Dungeon)
 x - a +0 robe
   (You took it off a kobold demonologist on level 9 of the Dungeon)
 F - a +3 leather armour (worn)
   (You found it on level 6 of the Dungeon)
 G - +0 steam dragon scales
   (You found it on level 6 of the Dungeon)
 H - a +0 ring mail
   (You found it on level 9 of the Dungeon)
 I - a +0 chain mail
   (You took it off an orc warrior on level 9 of the Dungeon)
 J - a +0 scale mail
   (You found it on level 9 of the Dungeon)
 K - +0 steam dragon scales
   (You took it off Maggie on level 9 of the Dungeon)
 L - a +0 chain mail
   (You took it off an orc on level 9 of the Dungeon)
 M - a +0 robe
   (You took it off an orc wizard on level 9 of the Dungeon)
 N - a +0 robe
   (You took it off an orc wizard on level 9 of the Dungeon)
Jewellery
 p - a ring of willpower (left hand)
   (You took it off a centaur on level 9 of the Dungeon)
Wands
 b - a wand of charming (4)
   (You took it off a centaur on level 9 of the Dungeon)
 m - a wand of flame (24)
   (You took it off Edmund on level 4 of the Dungeon)
 y - a wand of iceblast (11)
   (You found it on level 5 of the Dungeon)
Scrolls
 c - 4 scrolls of immolation {!r!r}
 k - 8 scrolls of teleportation {@r4}
 o - 2 scrolls of blinking {!r}
 q - 2 scrolls of identify {@r1}
 r - a scroll of fear {unknown}
 s - a scroll of enchant armour {unknown}
 t - 2 scrolls of acquirement
 E - 2 scrolls of amnesia {unknown}
 Q - 5 scrolls of magic mapping {unknown}
Potions
 e - 6 potions of heal wounds {@q2}
 h - 3 potions of might {unknown}
 i - a potion of brilliance {unknown}
 j - 5 potions of curing {@q1}
 n - 2 potions of magic {unknown}
 u - 2 potions of cancellation {unknown}
 w - a potion of invisibility {unknown}
 z - a potion of degeneration {unknown}
 A - 3 potions of haste {unknown}
 B - 2 potions of mutation {unknown}
 C - 2 potions of berserk rage {unknown}
 D - 2 potions of lignification {unknown}
 S - a potion of resistance {unknown}

Dungeon Overview and Level Annotations

Branches:
Dungeon (9/15)             Temple (1/1) D:5            Lair (0/6) D:9
    Orc: D:9-12

Altars:
Ashenzari
Cheibriados
Dithmenos
Elyvilon
Fedhas
Gozag
Hepliaklqana
Kikubaaqudgha
Makhleb
Nemelex Xobeh
Okawaru
Qazlal
Ru
Sif Muna
Trog
Uskayaw
Vehumet
Wu Jian
Yredelemnul
Zin

Annotations:
D:7 1 runed translucent door, Crazy Yiuf

≈≈≈≈....#####..)......#≈≈≈.)....≈
.......#####..#)).....####......≈
######.###...##≈####..#..'..####≈
# #......###≈#..#..#).#..# #≈ ###
###...## #≈#.##..#..#..# #≈ ..#
##..### #≈#.....#).#.... #≈
..####[.## #≈#)....'..#.....#≈
...##..########≈#######).#######≈
...#.........###@≈≈≈≈≈)≈≈≈≈≈≈≈≈≈#
.....#.........B###############.#
....##....)...°..# ##..
...####..#.#.°..## ##... ...#
#.........# ##.... .).#
#..#.#....# ##..... ...#
#........## #.....# ...#
#........# ##....## ...#
##......## ##....##


You could see a boulder beetle (rolling).


Message History

You see here a staff of conjuration {@e2staff}.
Things that are here:
a +0 dagger {short}; an orc corpse
There is an open door here.
You reach down and open the door.
A boulder beetle comes into view.
Shoot: g) +9 longbow of Agony {vorpal, rN++, bow}
Press: ? - help, Q - select action, (/) - cycle Shift-Dir - straight line, f - boulder beetle
Aim: a boulder beetle (wandering, hasn't noticed you, 93% to hit)
You shoot an arrow.
The arrow hits the boulder beetle but does no damage.
The boulder beetle leaps!
The boulder beetle curls into a ball and begins rolling!
You see here a +0 trident {polearm}.
The boulder beetle closely misses you.
The boulder beetle stops rolling and uncurls.
The boulder beetle leaps!
You see here a +0 hand axe {axe}.
The boulder beetle leaps!
You see here a +0 shortbow {bow}.
The boulder beetle leaps!
Shoot: g) +9 longbow of Agony {vorpal, rN++, bow}
Press: ? - help, Q - select action, (/) - cycle Shift-Dir - straight line, f/p - boulder beetle
Aim: a boulder beetle (93% to hit)
You shoot an arrow. The arrow hits the boulder beetle!
The boulder beetle curls into a ball and begins rolling!
The boulder beetle attacks as you move away!
The boulder beetle closely misses you.
The boulder beetle stops rolling and uncurls.
The boulder beetle waves its antennae.
The boulder beetle curls into a ball and begins rolling!
The boulder beetle closely misses you.
The boulder beetle stops rolling and uncurls.
The boulder beetle curls into a ball and begins rolling!
The boulder beetle closely misses you.
The boulder beetle stops rolling and uncurls.
The boulder beetle leaps!
The boulder beetle leaps!
The boulder beetle curls into a ball and begins rolling!
There is an escape hatch in the ceiling here.
The boulder beetle misses you.
The boulder beetle stops rolling and uncurls.
The boulder beetle curls into a ball and begins rolling!
The boulder beetle hits you!!
The boulder beetle stops rolling and uncurls.
HP[-31]
You take 31 damage, and now have 37/68 hp.
MASSIVE DAMAGE!! (PAUSE) HP[+1]
The boulder beetle curls into a ball and begins rolling!
Shoot: g) +9 longbow of Agony {vorpal, rN++, bow}
Press: ? - help, Q - select action, (/) - cycle Shift-Dir - straight line, f/p - boulder beetle
Aim: a boulder beetle (rolling, umbra, 93% to hit)
You shoot an arrow. The arrow hits the boulder beetle.
HP[+1] Shoot: g) +9 longbow of Agony {vorpal, rN++, bow}
Press: ? - help, Q - select action, (/) - cycle Shift-Dir - straight line, f/p - boulder beetle
Aim: a boulder beetle (lightly wounded, rolling, 93% to hit)
You shoot an arrow.
The arrow hits the boulder beetle but does no damage.
Shoot: g) +9 longbow of Agony {vorpal, rN++, bow}
Press: ? - help, Q - select action, (/) - cycle Shift-Dir - straight line, f/p - boulder beetle
Aim: a boulder beetle (lightly wounded, rolling, 93% to hit)
Okay, then.
HP[+1]
The boulder beetle hits you but does no damage.
The boulder beetle stops rolling and uncurls.
Shoot: g) +9 longbow of Agony {vorpal, rN++, bow}
Press: ? - help, Q - select action, (/) - cycle Shift-Dir - straight line, f - you That would be overly suicidal.
Okay, then.
HP[+1] Shoot: g) +9 longbow of Agony {vorpal, rN++, bow}
Press: ? - help, Q - select action, (/) - cycle Shift-Dir - straight line, f - boulder beetle
Aim: a boulder beetle (umbra, 93% to hit)
You shoot an arrow. The arrow hits the boulder beetle.
Shoot: g) +9 longbow of Agony {vorpal, rN++, bow}
Press: ? - help, Q - select action, (/) - cycle Shift-Dir - straight line, f/p - boulder beetle
Aim: a boulder beetle (lightly wounded, umbra, 93% to hit)
You shoot an arrow. The arrow hits the boulder beetle.
HP[+1] Shoot: g) +9 longbow of Agony {vorpal, rN++, bow}
Press: ? - help, Q - select action, (/) - cycle Shift-Dir - straight line, f/p - boulder beetle
Aim: a boulder beetle (lightly wounded, 93% to hit)
You shoot an arrow. The arrow hits the boulder beetle.
The boulder beetle curls into a ball and begins rolling!
Shoot: g) +9 longbow of Agony {vorpal, rN++, bow}
Press: ? - help, Q - select action, (/) - cycle Shift-Dir - straight line, f/p - boulder beetle
Aim: a boulder beetle (lightly wounded, rolling, 93% to hit)
You shoot an arrow.
The arrow hits the boulder beetle but does no damage.
Shoot: g) +9 longbow of Agony {vorpal, rN++, bow}
Press: ? - help, Q - select action, (/) - cycle Shift-Dir - straight line, f/p - boulder beetle
Aim: a boulder beetle (lightly wounded, rolling, umbra, 93% to hit)
You shoot an arrow.
The arrow hits the boulder beetle but does no damage.
The boulder beetle attacks as you move away!
The boulder beetle hits you!!!
Ouch! That really hurt!
You die...

Skill      XL: |  1  2  3  4  5  6  7  8  9 10 11 |
---------------+----------------------------------+-----
Bows           | 5 6 8 9 10 12 15 16 | 16.8
Fighting       | 8 |  8.0
Dodging        | 4 8 |  8.0
Stealth        | |  1.0

Action                   |  1- 3 |  4- 6 |  7- 9 | 10-12 || total
-------------------------+-------+-------+-------+-------++-------
 Fire: Shortbow          |    80 |   117 |    80 |       ||   277
       Longbow           |       |       |    88 |   204 ||   292
  Use: Scroll            |     4 |     3 |     1 |       ||     8
Armor: Leather armour    |    14 |    12 |     8 |    14 ||    48
Dodge: Dodged            |    12 |    24 |    33 |    69 ||   138

Levels and vault maps discovered:
D:1:      roderic_octagonal_star, layout_rooms, minmay_pentomino_r4
D:2:      minmay_skewed_foursquare, layout_basic,
          shapermc_ecumenical_altar_pompeii, minmay_diced_spiral
D:3:      layout_rooms, lemuel_tele_altar, uniq_jessica, uniq_natasha,
          uniq_grinder
D:4:      layout_loops_ring, uniq_edmund
D:5:      wander_river, layout_layer_cave, grunt_temple_overflow_diamond,
          lemuel_doored_altar, minmay_temple_entry_slanted,
          kennysheep_big_empty_room, uniq_blork_the_orc
D:6:      layout_rooms
D:7:      layout_gridville, chequers_serial_rivers_micro_c,
          uniq_crazy_yiuf_cottage
D:8:      layout_cave_pools, vehumet_crystals, lemuel_round_altar,
          kennysheep_generic_room_11
D:9:      cheibrodos_ideogram_h, layout_cave_pods, kennysheep_little_box,
          lair_entry_dummy, serial_ice, serial_ice_b, serial_ice_n,
          serial_ice_i, serial_ice_m, minmay_three_doors, uniq_maggie
Temple:   cyrus_circular_temple

Notes
Turn   | Place    | Note
-------+----------+-------------------------------------------
     0 | D:1      | zeratav the Tengu Hunter began the quest for the Orb.
     0 | D:1      | Reached XP level 1. HP: 12/12 MP: 2/2
     0 | D:1      | magus.rc [v1.9.6]
   163 | D:1      | Reached skill level 5 in Bows
   163 | D:1      | Reached XP level 2. HP: 17/17 MP: 3/3
   289 | D:1      | You pick up a book of Hexes and begin reading...
   289 | D:1      | You add the spells Inner Flame, Cause Fear and Discord to
                  | your library.
   327 | D:1      | Reached XP level 3. HP: 16/21 MP: 4/4
   402 | D:1      | You pick up a book of Debilitation and begin reading...
   402 | D:1      | You add the spells Slow, Vampiric Draining and Confusing
                  | Touch to your library.
   532 | D:1      | You pick up a book of Spatial Translocations and begin
                  | reading...
   532 | D:1      | You add the spells Blink, Lesser Beckoning and Manifold
                  | Assault to your library.
   731 | D:2      | Found a faded altar of an unknown god.
   752 | D:2      | Identified the +2 cloak of Stoicism {Contam rN+ Will+
                  | Dex+3}
   874 | D:2      | Reached skill level 6 in Bows
   874 | D:2      | Reached XP level 4. HP: 23/26 MP: 5/5
  1223 | D:2      | Gained mutation: Your magical nature lets you fly swiftly
                  | and evasively. [Tengu growth]
  1223 | D:2      | Reached XP level 5. HP: 11/30 MP: 6/6
  1798 | D:2      | Reached skill level 7 in Bows
  2046 | D:3      | You pick up a book of Displacement and begin reading...
  2046 | D:3      | You add the spells Gell's Gravitas and Teleport Other to
                  | your library.
  2149 | D:3      | Noticed Natasha
  2159 | D:3      | Killed Natasha
  2260 | D:3      | Noticed Grinder
  2261 | D:3      | Noticed Jessica
  2267 | D:3      | Killed Jessica
  2267 | D:3      | Noticed Natasha
  2274 | D:3      | Killed Grinder
  2275 | D:3      | Reached skill level 8 in Bows
  2275 | D:3      | Reached XP level 6. HP: 30/35 MP: 7/7
  2284 | D:3      | Killed Natasha
  2508 | D:3      | Noticed Natasha
  2510 | D:3      | Killed Natasha
  2511 | D:3      | Reached skill level 9 in Bows
  2511 | D:3      | Reached XP level 7. HP: 40/40 MP: 8/8
  2539 | D:3      | Found a stormy altar of Qazlal.
  2731 | D:4      | You pick up a book of Dangerous Friends and begin
                  | reading...
  2731 | D:4      | You add the spells Summon Guardian Golem, Orb of
                  | Destruction and Spellforged Servitor to your library.
  2776 | D:4      | Noticed Edmund
  2788 | D:4      | Killed Edmund
  3063 | D:4      | Reached skill level 10 in Bows
  3293 | D:4      | Reached XP level 8. HP: 44/44 MP: 9/9
  3647 | D:4      | Identified a scroll of acquirement
  3647 | D:4      | Acquired the +9 longbow of Agony {vorpal, rN++}
  3660 | D:5      | Entered Level 5 of the Dungeon
  3861 | D:5      | You pick up a book of Spatial Translocations and begin
                  | reading...
  3921 | D:5      | Noticed Blork the orc
  3926 | D:5      | Killed Blork the orc
  3928 | D:5      | Reached skill level 11 in Bows
  4108 | D:5      | Found a staircase to the Ecumenical Temple.
  4188 | Temple   | Entered the Ecumenical Temple
  4254 | Temple   | Became a worshipper of Dithmenos the Shadowed
  4531 | D:5      | Found a burning altar of Makhleb.
  4637 | D:5      | Found a glowing silver altar of Zin.
  4710 | D:5      | Found a shimmering blue altar of Sif Muna.
  4713 | D:5      | Found a sparkling altar of Nemelex Xobeh.
  4935 | D:6      | You pick up a book of Changes and begin reading...
  4935 | D:6      | You add the spells Beastly Appendage, Wereblood and Spider
                  | Form to your library.
  4971 | D:6      | Reached skill level 12 in Bows
  5175 | D:6      | You add the spells Scorch and Fireball to your library.
  5175 | D:6      | Got Xaenkud's Guide on the Blaze
  5391 | D:6      | Reached XP level 9. HP: 48/48 MP: 10/10
  5429 | D:6      | Reached skill level 13 in Bows
  5500 | D:7      | Noticed a two-headed ogre
  5505 | D:7      | Killed a two-headed ogre
  5517 | D:7      | Reached skill level 14 in Bows
  5579 | D:7      | You add the spells Sting, Poisonous Vapours and Olgreb's
                  | Toxic Radiance to your library.
  5638 | D:7      | Reached * piety under Dithmenos
  5751 | D:7      | You are sucked into a shaft and drop 1 floor!
  5751 | D:8      | Found a snail-covered altar of Cheibriados.
  5769 | D:8      | Reached skill level 15 in Bows
  5773 | D:8      | Reached XP level 10. HP: 41/53 MP: 11/11
  5901 | D:8      | Reached skill level 16 in Bows
  5906 | D:8      | Reached skill level 3 in Fighting
  6117 | D:8      | Found a radiant altar of Vehumet.
  6157 | D:8      | You pick up a book of the Dragon and begin reading...
  6157 | D:8      | You add the spells Dragon Form and Dragon's Call to your
                  | library.
  6351 | D:8      | Reached skill level 4 in Fighting
  7080 | D:7      | Reached skill level 5 in Fighting
  7117 | D:7      | Found a runed translucent door.
  7118 | D:7      | Noticed Crazy Yiuf
  7281 | D:9      | Noticed a tengu warrior
  7282 | D:9      | Reached skill level 6 in Fighting
  7288 | D:9      | Noticed a two-headed ogre
  7300 | D:9      | HP: 14/61 [tengu warrior/bolt (6)]
  7301 | D:9      | Killed a tengu warrior
  7301 | D:9      | Reached ** piety under Dithmenos
  7302 | D:9      | Reached skill level 7 in Fighting
  7310 | D:9      | Noticed a centaur warrior
  7328 | D:9      | Noticed a two-headed ogre
  7349 | D:9      | Noticed a boulder beetle
  7457 | D:9      | Noticed a kobold demonologist
  7485 | D:9      | Killed a two-headed ogre
  7486 | D:9      | Reached skill level 8 in Fighting
  7486 | D:9      | Reached skill level 4 in Dodging
  7486 | D:9      | Reached XP level 11. HP: 43/68 MP: 12/12
  7550 | D:9      | Killed a centaur warrior
  7551 | D:9      | Reached skill level 5 in Dodging
  7639 | D:9      | Killed a boulder beetle
  7640 | D:9      | Reached skill level 6 in Dodging
  7813 | D:9      | Reached skill level 7 in Dodging
  7834 | D:9      | Killed a two-headed ogre
  7958 | D:9      | You pick up a book of Conjurations {@e2} and begin
                  | reading...
  7958 | D:9      | You add the spells Magic Dart, Searing Ray and Fulminant
                  | Prism to your library.
  7986 | D:9      | Reached skill level 8 in Dodging
  8332 | D:9      | Found a staircase to the Lair.
  8349 | D:9      | Noticed Maggie
  8352 | D:9      | Killed Maggie
  8550 | D:9      | Noticed a skeletal warrior
  8561 | D:9      | Killed a skeletal warrior
  8726 | D:9      | You pick up a book of Storms and begin reading...
  8726 | D:9      | You add the spells Airstrike, Summon Lightning Spire and
                  | Lightning Bolt to your library.
  8738 | D:9      | Noticed a boulder beetle
  8816 | D:9      | Mangled by a boulder beetle

Vanquished Creatures
  A boulder beetle (D:9)
  A centaur warrior (D:9)
  3 two-headed ogres
  A tengu warrior (D:9)
  A skeletal warrior (D:9)
  Maggie (D:9)
  A kobold demonologist (D:9)
  A polar bear (D:9)
  Grinder (D:3)
  2 wraiths
  12 yaks
  4 steam dragons
  Edmund (D:4)
  A water moccasin (D:7)
  3 ice beasts (D:9)
  4 orc warriors
  A black bear (D:5)
  A sky beast (D:7)
  2 ogres (D:6)
  5 centaurs
  2 wolves (D:9)
  A kobold brigand (D:9)
  A gnoll sergeant (D:9)
  3 bullfrogs
  Blork the orc (D:5)
  A necrophage (D:4)
  3 scorpions
  A wight (D:9)
  5 killer bees (D:7)
  5 howler monkeys
  3 jellies
  2 hounds
  An orc priest (D:4)
  2 gnoll shamans
  Jessica (D:3)
  2 iguanas
  Natasha (thrice) (D:3)
  10 orc wizards
  2 centaur simulacra (D:9)
  12 gnolls
  9 adders
  2 shadow imps
  4 white imps
  2 howler monkey simulacra (D:9)
  4 ufetubi
  2 worms
  2 dart slugs (D:2)
  30 orcs
  10 ball pythons
  7 endoplasms
  8 goblins
  9 hobgoblins
  4 jackals (D:4)
  3 quokkas
  10 bats
  5 frilled lizards
  13 kobolds
  6 rats
238 creatures vanquished.

Table legend:
 A = Non-vault XP
 B = Vault XP
 C = Vault XP percentage of total XP
 D = Non-vault monster count
 E = Vault monster count
 F = Vault count percentage of total count
                 A         B        C        D         E       F
            +---------+---------+-------+---------+---------+-------
      Total |    6736 |    9695 |  59.0 |     175 |      63 |  26.5
            +---------+---------+-------+---------+---------+-------
        D:1 |      58 |       6 |   9.4 |      28 |       4 |  12.5
        D:2 |     107 |      29 |  21.3 |      24 |      11 |  31.4
        D:3 |     116 |     339 |  74.5 |      13 |       3 |  18.8
        D:4 |     388 |     162 |  29.5 |      26 |       1 |   3.7
        D:5 |     422 |      85 |  16.8 |      23 |       1 |   4.2
        D:6 |     792 |       0 |   0.0 |      11 |       0 |   0.0
        D:7 |    1762 |       0 |   0.0 |      18 |       0 |   0.0
        D:8 |    2672 |      90 |   3.3 |      23 |       1 |   4.2
        D:9 |     419 |    8984 |  95.5 |       9 |      42 |  82.4
            +---------+---------+-------+---------+---------+-------

Illustrated notes

Table legend:
 A = Kills in this place as a percentage of kills in entire the game.
 B = Kills by you in this place as a percentage of kills by you in the entire game.
 C = Kills by friends in this place as a percentage of kills by friends in the entire game.
 D = Other kills in this place as a percentage of other kills in the entire game.
 E = Experience gained in this place as a percentage of experience gained in the entire game.
 F = Experience gained in this place divided by the number of levels of this place that you have seen.
                   A       B       C       D       E      F
               +-------+-------+-------+-------+-------+----------------------
         Total | 100.0 | 100.0 |   N/A |   N/A | 100.0 | 1643.1
       Dungeon | 100.0 | 100.0 |   N/A |   N/A | 100.0 | 1825.7
               +-------+-------+-------+-------+-------+----------------------

Table legend: (Time is in decaauts)
 A = Elapsed time spent in this place.
 B = Non-inter-level travel time spent in this place.
 C = Inter-level travel time spent in this place.
 D = Time resting spent in this place.
 E = Time spent auto-exploring this place.
 F = Levels seen in this place.
 G = Mean time per level.
                   A        B        C        D        E       F      G
               +--------+--------+--------+--------+--------+-----+--------+
         Total |   8427 |   8192 |    235 |   1118 |   5793 |  10 |  842.7 |
       Dungeon |   8357 |   8146 |    211 |   1118 |   5755 |   9 |  928.6 |
        Temple |     70 |     47 |     23 |      0 |     38 |   1 |   70.0 |
               +--------+--------+--------+--------+--------+-----+--------+

Top non-repeatable levels by time:
     D:9: 1514 daAuts
     D:2: 1249 daAuts
     D:5: 1075 daAuts
     D:7: 947 daAuts
     D:4: 877 daAuts
     D:8: 747 daAuts
     D:1: 742 daAuts
     D:3: 686 daAuts
     D:6: 517 daAuts
  Temple: 70 daAuts
